 Dungeon Crawl Stone Soup version 0.17-a0-2127-g1cb09f6 (console) character file.

232 brucemayne the Chopper (level 5, -5/41 HPs)
             Began as a Demonspawn Berserker on Oct 23, 2015.
             Was a Follower of Trog.
             Slain by a giant frog (7 damage)
             ... on level 7 of the Dungeon.
             The game lasted 00:02:57 (552 turns).

brucemayne the Chopper (Demonspawn Berserker)        Turns: 552, Time: 00:02:57

Health: -5/41      AC:  7    Str: 19      XL:     5   Next: 73%
Magic:  5/5        EV: 11    Int:  7 (8)  God:    Trog [*.....]
Gold:   69         SH:  0    Dex: 12      Spells: 0 memorised, 4 levels left

rFire  . . .     SeeInvis .     a - +0 hand axe
rCold  . . .     Clarity  .     g - +0 ring mail
rNeg   . . .     SustAt   .     (no shield)
rPois  .         Gourm    .     (helmet restricted)
rElec  .         Spirit   .     (no cloak)
rCorr  .         Warding  .     (no gloves)
rMut   .         Stasis   .     (no boots)
MR     .....                    (no amulet)
Stlth  +.........               (no ring)
                                (no ring)

@: not resistant to hostile enchantments, very unstealthy
A: antennae 1, yellow scales 1
a: Berserk, Burn Spellbooks, Renounce Religion


You were on level 7 of the Dungeon.
You worshipped Trog.
Trog was aware of your devotion.
You were not hungry.

You visited 1 branch of the dungeon, and saw 7 of its levels.

You collected 69 gold pieces.

Inventory:

Hand Weapons
 a - a +0 hand axe (weapon)
 d - a cursed +0 hand axe
 n - a +0 flail of venom
Armour
 b - a +0 animal skin
 g - a +0 ring mail (worn)
Scrolls
 e - a scroll of remove curse {unknown}
 f - a scroll of enchant armour {unknown}
 h - a scroll of identify {unknown}
 i - a scroll of immolation {unknown}
 k - a scroll of amnesia {unknown}
 l - a scroll of fog {unknown}
 m - a scroll of enchant weapon {unknown}
 o - a scroll of vulnerability {unknown}
Books
 j - a book of the Sky

   Spells                             Type                      Level
   a - Summon Lightning Spire         Summoning/Air                4
   b - Airstrike                      Air                          4
   c - Silence                        Hexes/Air                    5
   d - Deflect Missiles               Charms/Air                   6
   e - Conjure Ball Lightning         Conjuration/Air              6
   f - Tornado                        Air                          9
   Trog disapproves of the use of such an item.
Comestibles
 c - a bread ration


   Skills:
 - Level 3.0 Fighting
 + Level 5.9 Axes
 - Level 1.7 Armour
 - Level 1.7 Dodging


You had 4 spell levels left.
You didn't know any spells.

Dungeon Overview and Level Annotations

Branches:
Dungeon (7/15)
 Temple: D:4-7

Altars:

Shops:
D:5 (


Innate Abilities, Weirdness & Mutations

You have a pair of small antennae on your head.
You are partially covered in yellow scales (AC +2).


Message History

The giant frog hits you.
The giant frog hits you but does no damage.
You barely miss the giant frog.
The giant frog is lightly wounded.
The giant frog barely misses you.
You hit the giant frog.
The giant frog is moderately wounded.
The giant frog hits you! x2
* * * LOW HITPOINT WARNING * * *
You slash the giant frog!
The giant frog is severely wounded.
The giant frog hits you but does no damage.
You barely miss the giant frog.
The giant frog is severely wounded.
The giant frog barely misses you. The giant frog hits you!
* * * LOW HITPOINT WARNING * * *
You hit the giant frog.
The giant frog is almost dead.
The giant frog hits you!
You die...

########
#..<...#
#..@...#
#..F...#
#......#
##.....#
#.....#
#......
##+.####
..


You could see a giant frog.

Vanquished Creatures
  Edmund (D:5)
  An ogre (D:5)
  An adder (D:2)
  An adder skeleton (D:5)
  2 adder zombies (D:6)
  A giant gecko (D:5)
  A giant cockroach (D:1)
  2 hobgoblins
  3 jackals (D:2)
  A goblin (D:2)
  A jackal skeleton (D:6)
  4 kobolds
  5 rats
24 creatures vanquished.

Notes
Turn   | Place    | Note
--------------------------------------------------------------
     0 | D:1      | brucemayne the Demonspawn Berserker began the quest for the Orb.
     0 | D:1      | Reached XP level 1. HP: 18/18 MP: 1/1
    22 | D:2      | Gained mutation: You have a pair of small antennae on your head. [demonic ancestry]
    22 | D:2      | Reached XP level 2. HP: 24/24 MP: 2/2
   261 | D:5      | Entered Level 5 of the Dungeon
   284 | D:5      | Reached XP level 3. HP: 20/29 MP: 3/3
   287 | D:5      | Found Iluhamir's Weapon Boutique.
   287 | D:5      | Noticed an ogre
   293 | D:5      | Killed an ogre
   293 | D:5      | Reached skill level 4 in Axes
   293 | D:5      | Reached XP level 4. HP: 35/35 MP: 4/4
   316 | D:5      | Noticed Edmund
   349 | D:5      | Killed Edmund
   349 | D:5      | Reached skill level 5 in Axes
   349 | D:5      | Gained mutation: You are partially covered in yellow scales (AC +2). [demonic ancestry]
   349 | D:5      | Reached XP level 5. HP: 34/41 MP: 5/5
   551 | D:7      | HP: 2/41 [giant frog (7)]
   552 | D:7      | Slain by a giant frog

Vault maps used:
D:1:      onia_arrival_handbag
D:4:      first_bread, portal_sewer_entry_d
D:5:      serial_shops, nicolae_shop_stone, uniq_duvessa, uniq_eustachio,
          uniq_edmund, uniq_crazy_yiuf_cottage
D:6:      minmay_temple_entry_butterflies
D:7:      hangedman_ru_absence, serial_shops, kennysheep_mini

Action                   |  1- 3 |  4- 6 || total
-------------------------+-------+-------++-------
Melee: Hand axe          |    68 |    30 ||    98
Invok: Berserk           |     2 |     1 ||     3
  Use: Potion            |       |     2 ||     2
  Eat: Bread ration      |       |     1 ||     1
       Chunk             |       |     1 ||     1
